 Dungeon Crawl Stone Soup version 0.23.1 (webtiles) character file.

Game seed: 17830783763942911118

89 Borgoz the Sneak (level 4, 0/35 HPs)
             Began as a Ghoul Enchanter on Mar 3, 2019.
             Was an Initiate of Ashenzari.
             Slain by an orc priest
             ... wielding a +0 falchion
              (2 damage)
             ... on level 4 of the Dungeon.
             The game lasted 00:03:53 (2861 turns).

Borgoz the Sneak (Ghoul Enchanter)                  Turns: 2861, Time: 00:03:54

Health: 0/35       AC:  2    Str:  9 (11) XL:     4   Next: 55%
Magic:  5/5        EV: 12    Int:  9 (10) God:    Ashenzari [......]
Gold:   67         SH:  0    Dex:  8 (10) Spells: 3/6 levels left

rFire    . . .     SeeInvis .   a - +1 dagger
rCold    + . .     Gourm    .   (no shield)
rNeg     + + +     Faith    .   b - +0 robe
rPois    ∞         Spirit   .   (no helmet)
rElec    .         Reflect  .   (no cloak)
rCorr    .         Harm     .   (no gloves)
MR       .....                  (no boots)
Stlth    ++........             (no amulet)
HPRegen  0.00/turn              (no ring)
MPRegen  0.09/turn              (no ring)

@: rotting
A: rotting body, claws 1, carnivore, cold resistance 1, negative energy
resistance 3, inhibited regeneration, torment resistance, unbreathing
a: Curse Item, Renounce Religion


You were on level 4 of the Dungeon.
You worshipped Ashenzari.
Ashenzari was noncommittal.
You were not hungry.

You visited 1 branch of the dungeon, and saw 4 of its levels.

You collected 67 gold pieces.

Inventory:

Hand Weapons
 a - a +1 dagger (weapon)
Armour
 b - a +0 robe (worn)
Jewellery
 f - an uncursed ring of poison resistance
Scrolls
 c - 6 scrolls of identify {unknown}
 g - 3 scrolls of remove curse
 h - a scroll of magic mapping {unknown}
 j - a scroll of teleportation {unknown}
 k - 2 scrolls of amnesia {unknown}
 m - 3 scrolls of enchant armour {unknown}
 n - a scroll of immolation {unknown}
 q - a scroll of random uselessness {unknown}
 r - a scroll of fog {unknown}
Potions
 e - a potion of curing
 i - a potion of degeneration
 l - a potion of heal wounds {unknown}
 o - a potion of flight {unknown}
 p - 2 potions of haste {unknown}
Comestibles
 d - 6 rations


   Skills:
 + Level 1.5 Fighting
 * Level 2.2 Short Blades
 + Level 1.2 Armour
 * Level 2.8 Dodging
 - Level 3.2 Stealth
 - Level 1.7 Spellcasting
 - Level 2.4 Hexes


You had 3 spell levels left.
You knew the following spells:

 Your Spells              Type           Power        Failure   Level  Hunger
a - Corona                Hex            #......      13%         1    ##.....
b - Ensorcelled Hibernat  Hex/Ice        #.....       32%         2    ###....

Your spell library contained the following spells:

 Spells                   Type           Power        Failure   Level  Hunger
 Confuse                  Hex            #.......     36%         3    ####...
 Tukima's Dance           Hex            #.......     36%         3    ####...
 Dazzling Spray           Conj/Hex       #.....       54%         3    ####...


Dungeon Overview and Level Annotations

Branches:
Dungeon (4/15)             Temple (0/1) D:4

Altars:
Ashenzari
Fedhas
Makhleb
Okawaru
Trog


Innate Abilities, Weirdness & Mutations

Your body is rotting away.
You thrive on raw meat.
You are immune to poison.
You have sharp fingernails.
You are carnivorous and can eat meat at any time.
Your flesh is cold resistant. (rC+)
You are immune to negative energy. (rN+++)
You do not regenerate when monsters are visible.
You are immune to unholy pain and torment.
You can survive without breathing.


Message History

The orc wizard barely misses you. The orc priest barely misses you.
The orc barely misses you.
You hit the orc priest.
The orc priest is moderately wounded.
The orc wizard casts a spell at you. The magic dart hits you.
The orc priest hits you with a +0 falchion.
You closely miss the orc priest.
The orc priest is moderately wounded.
The orc wizard hits you with a +0 dagger.
The orc hits you with a +0 mace!
* * * LOW HITPOINT WARNING * * *
The orc priest hits you with a +0 falchion.
* * * LOW HITPOINT WARNING * * *
It was a potion of degeneration.
There was something very wrong with that liquid.
You feel weakened.
You feel dopey.
You feel clumsy.
The orc wizard hits you but does no damage.
The orc priest hits you with a +0 falchion.
You die...

.....###>.##
<...###....#
.....##...##
..##..#....# ##
..##..#....## #.##
..##........##
##.^.#
..#..........#
#....#
....#........###?o.#
.............##o@..#
..............o.o$##
.....≈≈≈≈≈........#
...≈≈≈≈≈≈≈≈≈.....##
.≈≈≈≈≈≈≈≈≈≈≈≈≈..##
≈≈...≈≈≈≈≈≈..
≈.>.........#
≈...≈≈≈≈≈≈.##
≈≈≈≈≈≈≈≈≈..


You could see an orc priest, 2 orc wizards and an orc.

Vanquished Creatures
  An adder (D:3)
  A shadow imp (D:3)
  A worm (D:2)
  4 dart slugs
  3 leopard geckos
  An orc (D:3)
  A ball python (D:3)
  5 bats
  3 giant cockroaches
  7 hobgoblins
  4 jackals
  A quokka (D:3)
  6 frilled lizards
  6 goblins
  5 kobolds
  8 rats
57 creatures vanquished.

Notes
Turn   | Place    | Note
-------+----------+-------------------------------------------
     0 | D:1      | Borgoz the Ghoul Enchanter began the quest for the Orb.
     0 | D:1      | Reached XP level 1. HP: 14/14 MP: 2/2
    40 | D:1      | Reached skill level 1 in Short Blades
   114 | D:1      | Reached XP level 2. HP: 19/22 MP: 3/3
   591 | D:1      | Reached XP level 3. HP: 26/27 MP: 4/4
   917 | D:2      | Reached skill level 1 in Fighting
  1147 | D:2      | Found a bloodstained altar of Trog.
  1268 | D:2      | Found a faded altar of an unknown god.
  1283 | D:2      | Learned a level 2 spell: Ensorcelled Hibernation
  1798 | D:2      | Reached skill level 1 in Armour
  1926 | D:3      | Found an iron altar of Okawaru.
  2010 | D:3      | Reached XP level 4. HP: 16/35 MP: 5/5
  2045 | D:3      | Found a blossoming altar of Fedhas.
  2366 | D:3      | Found a shattered altar of Ashenzari.
  2527 | D:3      | Found a burning altar of Makhleb.
  2778 | D:3      | Became a worshipper of Ashenzari the Shackled
  2849 | D:4      | Found a staircase to the Ecumenical Temple.
  2861 | D:4      | Slain by an orc priest

Skill      XL: |  1  2  3 |
---------------+----------+-----
Short Blades   | 1 2 |  2.2
Dodging        | 2 |  2.8
Fighting       | 1 |  1.5
Armour         | 1 |  1.2
Stealth        | |  3.2
Spellcasting   | |  1.7
Hexes          | |  2.4

Action                   |  1- 3 |  4- 6 || total
-------------------------+-------+-------++-------
Melee: Dagger            |   165 |    73 ||   238
  Use: Potion            |       |     2 ||     2
 Stab: Sleeping          |     9 |     4 ||    13
  Eat: Chunk             |     6 |     8 ||    14
Armor: Robe              |    18 |     7 ||    25
Dodge: Dodged            |    74 |    59 ||   133
